cohdb
Replays
Latest Replays
All Replays
Popular Replays
Top Player Replays
Match Explorer
How It Works
Community
CoH3 Stats
Reddit
Sign in to upload your games and track your stats! →
Sign in with Steam
Match 42542106
Unlisted
Match 42542106
Overview
Messages
Build Orders
End
Construct Section Command Post
Dingo Light Scout Car
Dingo Light Scout Car
Selects Canadian Shock Battlegroup
Infantry Section
Infantry Section
Construct Platoon Command Post
Selects Attacking Spirit
Selects Canadian Shock Section
Canadian Shock Section
Selects Incendiary Munitions
Construct Company Command Post
Foot Guards Section
Unlock M3 Grant Medium Tanks
Selects Pyrotechnics
Foot Guards Section
M3 Grant Medium Tank
Infantry Training
Grenade Package
M3 Grant Medium Tank
Royal Engineer Section
I NOOB I OUT
常山造纸龙
....
快速魔头号
daskro
mbkm
CPU - VERY EASY
Cmdte. Canela
0
0
Comments
sign in to comment!
No comments posted yet!